 Dungeon Crawl Stone Soup version 0.23-a0-644-gb60d84b (webtiles) character file.

39 Borgoz the Skirmisher (level 3, -6/33 HPs)
             Began as a Ghoul Abyssal Knight on Jan 1, 2019.
             Was a Follower of Lugonu.
             Killed from afar by Sigmund (9 damage)
             ... with a puff of flame
             ... on level 2 of the Dungeon.
             The game lasted 00:02:45 (857 turns).

Borgoz the Skirmisher (Ghoul Abyssal Knight)         Turns: 857, Time: 00:02:45

Health: -6/33      AC:  3    Str: 15    XL:     3   Next: 45%
Magic:  3/3        EV: 11    Int:  7    God:    Lugonu [*.....]
Gold:   68         SH:  0    Dex:  9    Spells: 2/2 levels left

rFire    . . .     SeeInvis .   a - +1 hand axe
rCold    + . .     Gourm    .   (no shield)
rNeg     + + +     Faith    .   b - +0 leather armour
rPois    ∞         Spirit   .   (no helmet)
rElec    .         Reflect  .   (no cloak)
rCorr    .         Harm     .   (no gloves)
MR       .....                  (no boots)
Stlth    +.........             (no amulet)
HPRegen  0.00/turn              (no ring)
MPRegen  0.08/turn              (no ring)

@: about to teleport, rotting
A: rotting body, claws 1, carnivore, cold resistance 1, negative energy
resistance 3, inhibited regeneration, torment resistance, unbreathing
a: Depart the Abyss, Renounce Religion


You were on level 2 of the Dungeon.
You worshipped Lugonu.
Lugonu was aware of your devotion.
You were not hungry.

You visited 1 branch of the dungeon, and saw 2 of its levels.
You visited the Abyss 1 time.

You collected 68 gold pieces.

Inventory:

Hand Weapons
 a - a +1 hand axe (weapon)
Missiles
 e - 5 tomahawks (quivered)
Armour
 b - a +0 leather armour (worn)
Scrolls
 d - a scroll of identify
 h - a scroll of teleportation
Comestibles
 c - 4 rations
 i - 2 chunks of flesh


   Skills:
 + Level 4.2 Fighting
 + Level 2.0 Axes
 + Level 2.2 Armour
 + Level 1.1 Dodging
 - Level 2.0 Invocations


You had 2 spell levels left.
You didn't know any spells.
Your spell library was empty.

Dungeon Overview and Level Annotations

Branches:
Dungeon (2/15)

Altars:

Annotations:
D:2 Sigmund


Innate Abilities, Weirdness & Mutations

Your body is rotting away.
You thrive on raw meat.
You are immune to poison.
You have sharp fingernails.
You are carnivorous and can eat meat at any time.
Your flesh is cold resistant. (rC+)
You are immune to negative energy. (rN+++)
You do not regenerate when monsters are visible.
You are immune to unholy pain and torment.
You can survive without breathing.


Message History

Sigmund flickers and vanishes!
Deactivating autopickup; reactivate with Ctrl-A.
You closely miss something. Something hits you!
You slash something! Something completely misses you.
You aren't carrying any potions.
You barely miss something. Something hits you!
* * * LOW HITPOINT WARNING * * *
As you read the scroll labeled JAIMARYKEC, it crumbles to dust.
You feel blessed for a moment.
It was a scroll of remove curse.
Something hits you.
* * * LOW HITPOINT WARNING * * *
As you read the scroll labeled AFOERY FUEQEQ, it crumbles to dust.
It is a scroll of identify.
h - 2 scrolls of teleportation
As you read the scroll of teleportation, it crumbles to dust.
You feel strangely unstable. Something barely misses you.
You hear some strange, mumbled words.
A puff of flame appears from out of thin air!
The puff of flame hits you!
You die...

#.#########.#.#.# #
#########.### #.....# #
#.........†.# #...#####
#...).....#.#######........
#..########(##.............
#..# ##)##.####.......#
#..#######...#.# ##.###...
#..##...{..#...# #.......
#..##.####@..### #####...
#...÷.#####.## #########.#
#...........# ..........#
#####.####### .##########
#.# #.# #.# #.# #.#


There were no monsters in sight!

Vanquished Creatures
  An adder (D:2)
  A dart slug (D:2)
  4 bats
  A giant cockroach (D:1)
  3 hobgoblins (D:1)
  5 kobolds
  A frilled lizard (D:2)
  5 goblins
  8 rats
29 creatures vanquished.

Notes
Turn   | Place    | Note
-------+----------+-------------------------------------------
     0 | Abyss:1  | Borgoz the Ghoul Abyssal Knight began the quest for the
                  | Orb.
     0 | Abyss:1  | Reached XP level 1. HP: 19/19 MP: 1/1
    46 | Abyss:1  | Noticed a swamp dragon
    46 | Abyss:1  | a glowing shapeshifter changed into a swamp dragon
    47 | D:1      | Escaped the Abyss
   306 | D:1      | Reached XP level 2. HP: 21/27 MP: 2/2
   519 | D:1      | Reached * piety under Lugonu
   569 | D:1      | You fall through a shaft!
   611 | D:2      | Reached skill level 4 in Fighting
   611 | D:2      | Reached skill level 1 in Dodging
   611 | D:2      | Reached XP level 3. HP: 11/33 MP: 3/3
   778 | D:2      | Noticed Sigmund
   857 | D:2      | Killed from afar by Sigmund

Vault maps used:
D:1:      minmay_arrival_solitary_statue, minivault_25, hex_medium
D:2:      first_ration, uniq_sigmund
Abyss:1:  hangedman_decor_points

Skill      XL: |  1  2 |
---------------+-------+-----
Armour         | 2 |  2.2
Fighting       | 4 |  4.2
Axes           | 2 |  2.0
Dodging        | 1 |  1.1
Invocations    | |  2.0

Action                   || total
-------------------------++-------
Melee: Hand axe          ||    84
Invok: Depart the Abyss  ||     1
  Use: Scroll            ||     6
  Eat: Chunk             ||    18
Armor: Leather armour    ||    30
Dodge: Dodged            ||    57

Table legend:
 A = Non-vault XP
 B = Vault XP
 C = Vault XP percentage of total XP
 D = Non-vault monster count
 E = Vault monster count
 F = Vault count percentage of total count
                 A         B        C        D         E       F
            +---------+---------+-------+---------+---------+-------
      Total |      56 |       0 |   0.0 |      29 |       0 |   0.0
            +---------+---------+-------+---------+---------+-------
        D:1 |      21 |       0 |   0.0 |      14 |       0 |   0.0
        D:2 |      35 |       0 |   0.0 |      15 |       0 |   0.0
            +---------+---------+-------+---------+---------+-------
